 Dungeon Sprint DCSS version 0.29.1-15-g9cfb28693d (webtiles) character file.

Game seed: 9959766412297517714

10455 LynnLen the Eclecticist (level 11, -5/60 HPs)
             Began as a Spriggan Enchanter on Aug 11, 2023.
             Was the Champion of Dithmenos.
             Killed by divine providence
             ... invoked by a daeva
              (13 damage)
             ... in the Dungeon (Sprint I: "Red Sonja").
             The game lasted 00:13:48 (3071 turns).

LynnLen the Eclecticist (Spriggan Enchanter)        Turns: 3071, Time: 00:13:48

Health: -5/60      AC:  4    Str:  8    XL:     11   Next: 36%
Magic:  32/32      EV: 27    Int: 16    God:    Dithmenos [******]
Gold:   803        SH:  0    Dex: 17    Spells: 14/43 levels left

rFire   + . .      SeeInvis +   k - +2 dagger (drain)
rCold   . . .      Faith    .   (no shield)
rNeg    . . .      Spirit   .   j - +2 robe {rF+}
rPois   .          Reflect  .   (helmet restricted)
rElec   .          Harm     .   (no cloak)
rCorr   .          Rampage  .   (gloves unavailable)
Will    +....      NoTele   +   (boots unavailable)
Stlth   ++++++....              (no amulet)
HPRegen 0.20/turn               (no ring)
MPRegen 0.23/turn               (no ring)

@: very quick
A: very small, no large weapons, unfitting armour, see invisible, speed 3
a: Renounce Religion, Shadow Step, Shadow Form


You were in the Dungeon.
You worshipped Dithmenos.
Dithmenos was exalted by your worship.
You visited 1 branch You collected 1667 gold pieces.
You spent 864 gold pieces at shops.

Inventory:

Hand Weapons
 a - a +1 dagger
 k - a +2 dagger of draining (weapon)
Armour
 j - a +2 robe of fire resistance (worn)
Scrolls
 b - 2 scrolls of identify
 i - a scroll of blinking
 m - 2 scrolls of vulnerability
Potions
 c - a potion of invisibility
 d - a potion of curing
 f - a potion of haste
 g - 2 potions of magic
 h - a potion of berserk rage
 l - a potion of attraction


   Skills:
 + Level 8.7 Fighting
 - Level 10.0 Short Blades
 + Level 13.7 Dodging
 + Level 16.1 Stealth
 * Level 16.6 Spellcasting
 + Level 3.6 Conjurations
 * Level 14.5 Hexes
 - Level 4.0 Ice Magic
 + Level 4.4 Earth Magic
 + Level 4.4 Invocations


You had 14 spell levels left.
You knew the following spells:

 Your Spells              Type           Power      Damage    Failure   Level
a - Ensorcelled Hibernat  Hex/Ice        86%        N/A       1%          2
b - Confusing Touch       Hex            56%        N/A       1%          3
c - Tukima's Dance        Hex            56%        N/A       1%          3
d - Discord               Hex            28%        N/A       58%         8
e - Spellforged Servitor  Conj/Summ      9%         N/A       100%        7
f - Iron Shot             Conj/Erth      13%        9d3       80%         6

Your spell library contained the following spells:

 Spells                   Type           Power      Damage    Failure   Level
 Dazzling Flash           Conj/Hex       84%        N/A       1%          3
 Inner Flame              Hex/Fire       36%        N/A       1%          3
 Cause Fear               Hex            28%        N/A       1%          4
 Iskenderun's Battlesphe  Conj           25%        2d8       28%         5


Dungeon Overview and Level Annotations

Branches:
Dungeon (1/1)

Altars:
Cheibriados
Dithmenos
Elyvilon
Fedhas
Gozag
Hepliaklqana
Kikubaaqudgha
Makhleb
Nemelex Xobeh
Okawaru
Qazlal
Ru
Sif Muna
Trog
Uskayaw
Vehumet
Wu Jian
Xom
Yredelemnul
Zin
The Shining One
Jiyva
Lugonu

Shops:
D !??=(=:=*[(*[(:[?


Innate Abilities, Weirdness & Mutations

You are very small and have problems with some larger weapons.
You are too small for most types of armour.
You have supernaturally acute eyesight. (SInv)
You cover ground extremely quickly. (Speed+++)


Message History

The daeva shouts!
You see here 27 gold pieces.
You see here 27 gold pieces.
You now have 668 gold pieces (gained 27).
You see here 27 gold pieces.
You now have 695 gold pieces (gained 27).
The daeva calls down the wrath of the Shining One upon you.
The Shining One smites you!
You emit a cloud of dark smoke.
You see here 27 gold pieces.
You now have 722 gold pieces (gained 27).
You see here 27 gold pieces.
You now have 749 gold pieces (gained 27).
The daeva calls down the wrath of the Shining One upon you.
The Shining One smites you!
There are no items here.
You see here 27 gold pieces.
You now have 776 gold pieces (gained 27).
The daeva calls down the wrath of the Shining One upon you.
The Shining One smites you!
The daeva calls down the wrath of the Shining One upon you.
The Shining One smites you!
You see here 27 gold pieces.
You now have 803 gold pieces (gained 27).
The daeva calls down the wrath of the Shining One upon you.
The Shining One smites you!
* * * LOW HITPOINT WARNING * * *
You feel better.
You feel better.
The daeva calls down the wrath of the Shining One upon you.
The Shining One smites you!
* * * LOW HITPOINT WARNING * * *
You emit a cloud of dark smoke.
The daeva calls down the wrath of the Shining One upon you.
The Shining One smites you!
* * * LOW HITPOINT WARNING * * *
You emit a cloud of dark smoke.
You feel better.
The daeva calls down the wrath of the Shining One upon you.
The Shining One smites you!
You die...

#..#§.§÷÷§§§§§.'†.#
##'#§####§§§§§##..+
'§§#.# ##§..######
#.§'§# ###§#}§§##
#+#### #§##§§§# ...
#..###§# ....
##.#A#§# ##..°
#..###.# .#...#
#.##.@.# .#..##
#..#'### .#..#
##...# §# ###.# .#
#.# §# #.# §# #+#
§# §#


You could see a daeva.

Vanquished Creatures
  2 centaur warriors (D)
  A hydra (D)
  Sonja (D)
  A deep troll (D)
  A lindwurm (D)
  An oklob plant (D)
  2 kobold demonologists (D)
  7 unseen horrors (D)
  2 demonic crawlers (D)
  A hornet (D)
  A slime creature (D)
  Sigmund (D)
  13 hogs (D)
  A yak (D)
  2 redbacks (D)
  3 floating eyes (D)
  An ogre (D)
  7 necrophages (D)
  8 jellies (D)
  Ijyb (D)
  A ballistomycete spore (D)
58 creatures vanquished.

Vanquished Creatures (others)
  A ballistomycete spore (D)
1 creature vanquished.

Grand Total: 59 creatures vanquished

Notes
Turn   | Place    | Note
-------+----------+-------------------------------------------
     0 | D        | LynnLen the Spriggan Enchanter began the quest for the Orb.
     0 | D        | Reached XP level 1. HP: 9/9 MP: 5/5
     3 | D        | Noticed Ijyb
     9 | D        | Killed Ijyb
    10 | D        | Reached skill level 1 in Fighting
    10 | D        | Reached skill level 5 in Stealth
    10 | D        | Reached skill level 5 in Hexes
    10 | D        | Reached XP level 2. HP: 14/14 MP: 6/8
    12 | D        | Noticed an ogre
    15 | D        | Killed an ogre
    16 | D        | Reached XP level 3. HP: 19/19 MP: 6/11
    16 | D        | Reached XP level 4. HP: 23/23 MP: 7/13
    17 | D        | Noticed Sigmund
    20 | D        | Killed Sigmund
    21 | D        | Reached XP level 5. HP: 28/28 MP: 7/16
    21 | D        | Reached XP level 6. HP: 32/32 MP: 7/18
   107 | D        | Found an ornate altar of the Wu Jian Council.
   107 | D        | Found a shimmering blue altar of Sif Muna.
   109 | D        | Found a radiant altar of Vehumet.
   137 | D        | Found Terheod's Magic Scroll Emporium.
   137 | D        | Found an ancient bone altar of Kikubaaqudgha.
   137 | D        | Found a hazy altar of Hepliaklqana.
   137 | D        | Found a hide-covered altar of Uskayaw.
   137 | D        | Found a basalt altar of Yredelemnul.
   137 | D        | Found an opulent altar of Gozag.
   137 | D        | Found a snail-covered altar of Cheibriados.
   137 | D        | Found a sacrificial altar of Ru.
   137 | D        | Found a shadowy altar of Dithmenos.
   137 | D        | Noticed a yak
   139 | D        | Found a stormy altar of Qazlal.
   139 | D        | Found a blossoming altar of Fedhas.
   139 | D        | Found a bloodstained altar of Trog.
   139 | D        | Found an iron altar of Okawaru.
   139 | D        | Found a glowing silver altar of Zin.
   151 | D        | Learned a level 2 spell: Ensorcelled Hibernation
   155 | D        | Learned a level 3 spell: Confusing Touch
   159 | D        | Learned a level 3 spell: Tukima's Dance
   388 | D        | Killed a yak
   389 | D        | Reached skill level 5 in Short Blades
   391 | D        | Found a glowing golden altar of the Shining One.
   391 | D        | Found a white marble altar of Elyvilon.
   394 | D        | Found a sparkling altar of Nemelex Xobeh.
   400 | D        | Became a worshipper of Dithmenos the Shadowed
   438 | D        | Noticed Sonja
   443 | D        | Killed Sonja
   444 | D        | Reached skill level 10 in Stealth
   444 | D        | Reached skill level 10 in Spellcasting
   444 | D        | Reached skill level 10 in Hexes
   444 | D        | Reached XP level 7. HP: 10/38 MP: 16/22
   807 | D        | Found Vokucw's Distillery.
   827 | D        | Noticed a deep troll
   848 | D        | Killed a deep troll
   849 | D        | Reached skill level 5 in Fighting
   849 | D        | Reached XP level 8. HP: 43/43 MP: 15/24
  1035 | D        | Found a burning altar of Makhleb.
  1035 | D        | Found a viscous altar of Jiyva.
  1035 | D        | Found a shimmering altar of Xom.
  1035 | D        | Found a corrupted altar of Lugonu.
  1035 | D        | Noticed a slime creature
  1038 | D        | Killed a slime creature
  1038 | D        | Reached * piety under Dithmenos
  1043 | D        | Noticed a centaur warrior
  1061 | D        | Found Hetuec's Armour Emporium.
  1079 | D        | Noticed a centaur warrior
  1086 | D        | Killed a centaur warrior
  1087 | D        | Reached skill level 10 in Dodging
  1087 | D        | Reached XP level 9. HP: 27/48 MP: 22/26
  1090 | D        | Killed a centaur warrior
  1231 | D        | Reached ** piety under Dithmenos
  1259 | D        | Noticed an oklob plant
  1402 | D        | Killed an oklob plant
  1517 | D        | Reached *** piety under Dithmenos
  1526 | D        | Reached skill level 10 in Short Blades
  1526 | D        | Reached XP level 10. HP: 55/55 MP: 29/29
  1527 | D        | Reached **** piety under Dithmenos
  1546 | D        | Reached ***** piety under Dithmenos
  1673 | D        | Found Yhuitt's Jewellery Shoppe.
  1673 | D        | Found Feprutewk's Magic Scroll Shop.
  1673 | D        | Found Lorghuf's Antique Weapon Boutique.
  1675 | D        | Found Nirargh's Jewellery Emporium.
  1675 | D        | Found Tizoxkad's Book Shop.
  1675 | D        | Found Ivoecw's Jewellery Shoppe.
  1675 | D        | Found Jaddopoy's Assorted Antiques.
  1675 | D        | Found Waosk's Antique Armour Emporium.
  1675 | D        | Found Rittikh's Weapon Shop.
  1675 | D        | Found Pudghusk's General Store.
  1678 | D        | Found Facwasmo's Armour Boutique.
  1679 | D        | Found Iwkya's Book Emporium.
  1679 | D        | Found Rugeg's Weapon Boutique.
  1680 | D        | Found Jioruded's Magic Scroll Emporium.
  1685 | D        | Bought a scroll of identify for 28 gold pieces
  1685 | D        | Bought a scroll of identify for 28 gold pieces
  1685 | D        | Bought a scroll of identify for 28 gold pieces
  1689 | D        | Bought a book of Hexes for 360 gold pieces
  1689 | D        | Bought a book of Power for 420 gold pieces
  1701 | D        | Learned a level 8 spell: Discord
  1709 | D        | Learned a level 7 spell: Spellforged Servitor
  1781 | D        | Reached skill level 1 in Conjurations
  1781 | D        | Reached skill level 1 in Earth Magic
  1830 | D        | Paralysed by a floating eye for 4 turns
  1839 | D        | Paralysed by a floating eye for 4 turns
  1844 | D        | Reached ****** piety under Dithmenos
  1892 | D        | Reached skill level 15 in Spellcasting
  1892 | D        | Reached skill level 1 in Invocations
  1902 | D        | Noticed a gargoyle
  2571 | D        | Noticed a lindwurm
  2573 | D        | Killed a lindwurm
  2574 | D        | Reached skill level 15 in Stealth
  2654 | D        | Reached XP level 11. HP: 21/60 MP: 11/31
  2910 | D        | Learned a level 6 spell: Iron Shot
  2915 | D        | Noticed a 12-headed hydra
  2917 | D        | Killed a 12-headed hydra
  2932 | D        | Noticed a daeva
  3068 | D        | HP: 2/60 [daeva/divine providence (11)]
  3071 | D        | Killed from afar by a daeva

Illustrated notes

Levels and vault maps discovered:
D:        dungeon_sprint_1 [red_sonja_temple_1, red_sonja_temple_small_1]

Skill      XL: |  1  2  3  4  5  6  7  8  9 10 11 |
---------------+----------------------------------+-----
Fighting       | 1 2 3 4 5 6 7 8 |  8.7
Short Blades   | 2 3 4 6 7 8 10 | 10.0
Dodging        | 3 4 6 8 9 10 11 13 | 13.7
Stealth        | 5 6 8 10 12 13 15 16 | 16.1
Spellcasting   | 4 6 8 10 11 12 14 15 16 | 16.6
Hexes          | 5 6 8 10 11 12 13 14 | 14.5
Ice Magic      | 3 4 |  4.0
Conjurations   | 2 3 |  3.6
Earth Magic    | 3 4 |  4.4
Invocations    | 3 4 |  4.4

Action                   |  1- 3 |  4- 6 |  7- 9 | 10-12 || total
-------------------------+-------+-------+-------+-------++-------
Melee: Dagger            |     7 |     5 |    20 |   158 ||   190
       Punch             |       |       |       |     3 ||     3
 Cast: Ensorcelled Hiber |       |     4 |    12 |     5 ||    21
       Confusing Touch   |       |       |     1 |    23 ||    24
  Use: Potion            |     1 |       |     2 |     3 ||     6
       Scroll            |       |       |       |     2 ||     2
 Stab: Sleeping          |     2 |     4 |    12 |    17 ||    35
       Invisible         |     2 |       |       |       ||     2
       Confused          |       |       |     2 |    21 ||    23
Armor: Robe              |       |       |     4 |     3 ||     7
Dodge: Dodged            |     4 |     1 |    19 |   112 ||   136
